Barracuda vs Thunderbirds
Created - April 4, 2023 at 20:49
Goals
|
| Barracuda |
2 |
1 |
0 |
3 |
| Thunderbirds |
3 |
0 |
2 |
5 |
|
Shots
|
| Barracuda |
10 |
16 |
6 |
32 |
| Thunderbirds |
13 |
9 |
13 |
35 |
|
1st period
1. Thunderbirds , Morgan Geekie 7 (Petr Straka 21) at 3:31
2. Barracuda , Cole Ully 26 (Theodor Blueger 29, Scott Harrington 21) at 4:24
3. Thunderbirds , Tanner Laczynski 7 (Griffin Reinhart 33, Tyson Jost 8) at 6:32
4. Thunderbirds , Petr Straka 26 (Filip Hronek 22) at 11:26
5. Barracuda , Brandon Kozun 32 (William Carrier 46, Emil Pettersson 48) at 14:41
Penalties :
Alex Henriksson (S.J) for Hooking (Minor) at 16:05
2nd period
6. Barracuda , Theodor Blueger 10 (Kurtis Macdermid 19, Jerome Gauthier-Leduc 4) at 12:40
Penalties :
Dominik Kahun (Spr) for High sticking (Minor) at 18:39
3rd period
7. Thunderbirds , Drake Batherson 33 (Kirill Kaprizov 41, Radim Simek 12) at 18:17
8. Thunderbirds , Elias Lindholm 16 (Drake Batherson 39, Griffin Reinhart 34) at 18:45
Penalties :
Logan Stanley (S.J) for Roughing (Minor) at 9:44, Anthony Beauvillier (Spr) for Hooking (Minor) at 15:19, Kyle Platzer (S.J) for Goalie Interference (Minor) at 18:53
Goalie Stats
Joacim Eriksson (S.J), 30 saves from 35 shots - (0.857), L, 14-22-7, 60:00 minutes
Carter Hutton (Spr), 29 saves from 32 shots - (0.906), W, 28-13-2, 60:00 minutes
Players Stats for Barracuda
Player Name G A P +/- PIM S H SB GA TA FO MP PP MP PK MP
------------------------------------------------------------------------------------
Alex Henriksson 0 0 0 0 2 2 1 0 2 0 0/0 11:24 0:00 0:11
Brandon Kozun 1 0 1 0 0 2 1 0 1 0 0/2 17:39 2:09 0:00
Chris Wagner 0 0 0 -3 0 1 1 0 0 0 0/1 12:07 0:00 0:00
Cole Ully 1 0 1 -3 0 4 2 1 0 0 0/0 12:53 0:00 0:46
Emil Pettersson 0 1 1 0 0 1 1 0 0 0 8/23 20:13 2:09 2:43
Eric Gustafsson 0 0 0 0 0 0 2 0 0 0 0/0 23:32 2:36 2:43
Jerome Gauthier-Leduc 0 1 1 -2 0 2 2 1 0 0 0/0 13:16 0:00 0:00
Justin Shugg 0 0 0 1 0 1 0 0 0 0 0/2 15:11 1:49 1:03
Kurtis Macdermid 0 1 1 1 0 3 1 0 0 0 0/2 15:56 1:49 1:05
Kyle Platzer 0 0 0 -3 2 2 1 0 0 0 2/7 12:31 0:00 0:28
Logan Stanley 0 0 0 -2 2 1 4 0 0 1 0/0 13:24 0:00 0:00
Mario Lucia 0 0 0 0 0 1 1 0 0 0 0/0 10:40 0:00 0:00
Noah Gregor 0 0 0 0 0 1 1 0 0 0 1/5 12:19 0:00 1:05
Robin Norell 0 0 0 0 0 3 1 2 0 2 0/0 22:51 1:22 2:21
Samuel Groulx 0 0 0 0 0 3 2 0 2 0 0/0 22:51 1:22 2:21
Scott Harrington 0 1 1 0 0 1 3 3 0 2 0/0 23:32 2:36 2:43
Theodor Blueger 1 1 2 1 0 4 0 0 0 0 3/5 14:08 1:49 0:00
William Carrier 0 1 1 0 0 0 2 0 0 1 0/0 20:26 2:09 2:47
Players Stats for Thunderbirds
Player Name G A P +/- PIM S H SB GA TA FO MP PP MP PK MP
------------------------------------------------------------------------------------
Anthony Beauvillier 0 0 0 -1 2 3 3 2 0 0 1/1 17:09 2:15 0:19
Blake Geoffrion 0 0 0 1 0 1 2 1 0 0 0/0 10:53 0:00 0:55
Dominik Kahun 0 0 0 -1 2 4 3 0 1 0 0/0 16:47 2:15 0:00
Drake Batherson 1 1 2 2 0 6 0 0 1 0 1/3 19:31 2:49 0:00
Elias Lindholm 1 0 1 2 0 1 2 1 1 0 15/22 20:25 2:49 0:52
Filip Hronek 0 1 1 1 0 0 1 1 0 1 0/0 22:42 2:01 1:19
Griffin Reinhart 0 2 2 1 0 5 3 1 1 0 0/0 25:25 2:48 2:39
Jacob Larsson 0 0 0 0 0 0 0 2 0 1 0/0 17:21 0:15 1:19
Kale Clague 0 0 0 0 0 2 0 1 0 1 0/0 17:17 2:01 0:00
Kirill Kaprizov 0 1 1 2 0 1 1 0 0 2 0/0 19:40 2:49 0:00
Morgan Frost 0 0 0 0 0 1 1 0 0 0 4/5 10:26 0:00 0:06
Morgan Geekie 1 0 1 1 0 1 1 0 0 0 2/3 9:37 0:00 0:00
Patrick Brown 0 0 0 -1 0 4 1 1 0 0 10/13 19:07 2:15 2:21
Petr Straka 1 1 2 1 0 1 0 0 0 0 0/0 10:32 0:00 0:59
Radim Simek 0 1 1 1 0 0 1 0 0 0 0/0 18:18 0:00 2:24
Tanner Laczynski 1 0 1 0 0 2 0 1 1 0 0/0 10:10 0:00 0:00
Timothy Liljegren 0 0 0 1 0 1 2 0 1 0 0/0 17:50 3:03 0:15
Tyson Jost 0 1 1 0 0 2 0 0 0 0 0/0 12:50 0:00 2:24
3 Stars
1 - Drake Batherson (Spr)
2 - Elias Lindholm (Spr)
3 - Petr Straka (Spr)
Power Play
Barracuda - 0 on 2 Attempt(s) - 0.00%
Thunderbirds - 0 on 3 Attempt(s) - 0.00%
Penalty Kill
Barracuda - 3 on 3 Attempt(s) - 100.00%
- Score 0 goal in Penalty Kill
Thunderbirds - 2 on 2 Attempt(s) - 100.00%
- Score 0 goal in Penalty Kill
Team Stat
Barracuda - Hits : 26 - Faceoff Wins : 14 - Blocked Shots : 7 - Penalty Minutes : 6
Thunderbirds - Hits : 21 - Faceoff Wins : 33 - Blocked Shots : 11 - Penalty Minutes : 4
Official
Referees : Brad Meier and Gord Dwyer
Linesman : Devin Berg and Steve Barton
Game Notes
No Game Note
Finance
Level 1 -- Attendance: 1883 (94.15%) -- Ticket Income $65,905
Level 2 -- Attendance: 964 (96.40%) -- Ticket Income $14,460
Total Attendance: 2847 (94.90%)
Total Ticket Income: $80,365
Other Income: $4,018
Total Income: $84,383
Barracuda
5 vs 5 Forward
Center Left Wing Right Wing Time % Phy DF OF
1 Emil Pettersson William Carrier Brandon Kozun 40 0 2 3
2 Theodor Blueger Kurtis Macdermid Justin Shugg 30 0 2 3
3 Kyle Platzer Cole Ully Chris Wagner 20 1 2 2
4 Noah Gregor Alex Henriksson Mario Lucia 10 1 2 2
5 vs 5 Defense
Defense Defense Time % Phy DF OF
1 Eric Gustafsson Scott Harrington 40 1 2 2
2 Samuel Groulx Robin Norell 30 1 2 2
3 Logan Stanley Jerome Gauthier-Leduc 20 1 2 2
4 Eric Gustafsson Scott Harrington 10 1 2 2
PowerPlay Forward
Center Left Wing Right Wing Time % Phy DF OF
1 Emil Pettersson William Carrier Brandon Kozun 60 0 2 3
2 Theodor Blueger Kurtis Macdermid Justin Shugg 40 0 2 3
PowerPlay Defense
Defense Defense Time % Phy DF OF
1 Eric Gustafsson Scott Harrington 60 0 2 3
2 Samuel Groulx Robin Norell 40 0 2 3
Penalty Kill 4 Players Forward
Center Wing Time % Phy DF OF
1 Emil Pettersson William Carrier 60 1 4 0
2 Noah Gregor Kurtis Macdermid 40 1 4 0
Penalty Kill 4 Players Defense
Defense Defense Time % Phy DF OF
1 Eric Gustafsson Scott Harrington 60 1 4 0
2 Samuel Groulx Robin Norell 40 1 4 0
Penalty Kill - 3 Players Forward
Forward Time % Phy DF OF
1 Emil Pettersson 60 1 4 0
2 Noah Gregor 40 1 4 0
Penalty Kill - 3 Players Defense
Defense Defense Time % Phy DF OF
1 Eric Gustafsson Scott Harrington 60 1 4 0
2 Samuel Groulx Robin Norell 40 1 4 0
4 vs 4 Forward
Center Wing Time % Phy DF OF
1 Emil Pettersson William Carrier 60 0 2 3
2 Theodor Blueger Kurtis Macdermid 40 0 2 3
4 vs 4 Defense
Defense Defense Time % Phy DF OF
1 Eric Gustafsson Scott Harrington 60 1 2 2
2 Samuel Groulx Robin Norell 40 1 2 2
Last Minutes Offensive
Center Left Wing Right Wing Defense Defense
Emil Pettersson William Carrier Brandon Kozun Eric Gustafsson Scott Harrington
Last Minutes Defensive
Center Left Wing Right Wing Defense Defense
Emil Pettersson William Carrier Brandon Kozun Eric Gustafsson Scott Harrington
Goaltenders
Starting : Joacim Eriksson
Backup : Joni Ortio
Extra Forwards
Normal : Justin Shugg, Cole Ully, Chris Wagner - PP : Justin Shugg, Cole Ully - PK : Justin Shugg
Extra Defensemen
Normal : Robin Norell, Logan Stanley, Jerome Gauthier-Leduc - PP : Robin Norell - PK : Robin Norell, Logan Stanley
Penalty Shots
Brandon Kozun, William Carrier, Emil Pettersson, Kurtis Macdermid, Justin Shugg
Scratches
Alex Lintuniemi (Healthy), Aleksi Heponiemi (Healthy), Ben Jones (Healthy), Jacob Peterson (Healthy), Scott Reedy (Healthy)
Jaedon Descheneau (Healthy), Thomas Gobeil (Healthy), Jordan Gross (Healthy), Drew O'Connor (Healthy), Dennis Cholowski (Healthy)
Alexei Toropchenko (Healthy)
Thunderbirds
5 vs 5 Forward
Center Left Wing Right Wing Time % Phy DF OF
1 Elias Lindholm Kirill Kaprizov Drake Batherson 40 0 2 3
2 Patrick Brown Dominik Kahun Anthony Beauvillier 30 0 2 3
3 Morgan Geekie Blake Geoffrion Petr Straka 15 0 2 3
4 Morgan Frost Tyson Jost Tanner Laczynski 15 0 2 3
5 vs 5 Defense
Defense Defense Time % Phy DF OF
1 Griffin Reinhart Filip Hronek 40 0 2 3
2 Radim Simek Timothy Liljegren 30 0 2 3
3 Jacob Larsson Kale Clague 20 0 2 3
4 Griffin Reinhart Filip Hronek 10 0 2 3
PowerPlay Forward
Center Left Wing Right Wing Time % Phy DF OF
1 Elias Lindholm Kirill Kaprizov Drake Batherson 60 0 1 4
2 Patrick Brown Dominik Kahun Anthony Beauvillier 40 0 1 4
PowerPlay Defense
Defense Defense Time % Phy DF OF
1 Griffin Reinhart Timothy Liljegren 60 0 2 3
2 Filip Hronek Kale Clague 40 0 2 3
Penalty Kill 4 Players Forward
Center Wing Time % Phy DF OF
1 Patrick Brown Tyson Jost 60 1 3 1
2 Elias Lindholm Anthony Beauvillier 40 1 3 1
Penalty Kill 4 Players Defense
Defense Defense Time % Phy DF OF
1 Griffin Reinhart Radim Simek 60 1 4 0
2 Filip Hronek Jacob Larsson 40 1 4 0
Penalty Kill - 3 Players Forward
Forward Time % Phy DF OF
1 Tyson Jost 60 1 3 1
2 Anthony Beauvillier 40 1 3 1
Penalty Kill - 3 Players Defense
Defense Defense Time % Phy DF OF
1 Griffin Reinhart Radim Simek 60 1 4 0
2 Filip Hronek Jacob Larsson 40 1 4 0
4 vs 4 Forward
Center Wing Time % Phy DF OF
1 Elias Lindholm Kirill Kaprizov 60 0 2 3
2 Patrick Brown Drake Batherson 40 0 2 3
4 vs 4 Defense
Defense Defense Time % Phy DF OF
1 Griffin Reinhart Filip Hronek 60 0 2 3
2 Radim Simek Timothy Liljegren 40 0 2 3
Last Minutes Offensive
Center Left Wing Right Wing Defense Defense
Elias Lindholm Kirill Kaprizov Drake Batherson Griffin Reinhart Timothy Liljegren
Last Minutes Defensive
Center Left Wing Right Wing Defense Defense
Patrick Brown Tyson Jost Petr Straka Radim Simek Filip Hronek
Goaltenders
Starting : Carter Hutton
Backup : Phoenix Copley
Extra Forwards
Normal : Tanner Laczynski, Drake Batherson, Kirill Kaprizov - PP : Morgan Geekie, Kirill Kaprizov - PK : Petr Straka
Extra Defensemen
Normal : Timothy Liljegren, Filip Hronek, Radim Simek - PP : Timothy Liljegren - PK : Filip Hronek, Timothy Liljegren
Penalty Shots
Drake Batherson, Tanner Laczynski, Petr Straka, Elias Lindholm, Kirill Kaprizov
Scratches
Austin Poganski (Healthy), Adam Ruzicka (Healthy), Charles Hudon (Healthy), Jake Walman (Healthy), John Draeger (Healthy)
Matt Puempel (Healthy), Mitchell Heard (Healthy), Nicklas Jensen (Healthy), Grant Hutton (Healthy), Roberts Lipsbergs (Healthy)
Shane Prince (Healthy), Viktor Baldayev (Healthy), Calvin Thurkauf (Healthy), Dylan Gambrell (Healthy), Artur Kayumov (Healthy)
Artyom Zagidulin (Healthy)
% Time on Ice - Barracuda
Lines # - Real PCT - Wanted PCT - Time Play
Normal Forward
1 - 30% - 40% - 15:30
2 - 25% - 30% - 12:53
3 - 23% - 20% - 11:55
4 - 21% - 10% - 10:40
Normal Defense
1 - 33% - 40% - 16:44
2 - 38% - 30% - 19:08
3 - 27% - 20% - 13:37
4 - 3% - 10% - 1:29
PP Forward
1 - 54% - 60% - 2:09
2 - 46% - 40% - 1:49
PP Defense
1 - 66% - 60% - 2:36
2 - 34% - 40% - 1:22
PK Forward
1 - 79% - 60% - 3:59
2 - 21% - 40% - 1:05
PK Defense
1 - 54% - 60% - 2:43
2 - 46% - 40% - 2:21
PK3 Forward
1 - 0% - 60%
2 - 0% - 40%
PK3 Defense
1 - 0% - 60%
2 - 0% - 40%
44 Forward
1 - 0% - 60%
2 - 0% - 40%
44 Defense
1 - 0% - 60%
2 - 0% - 40%
Last Minute Offensive - 0:00
Last Minute Defensive - 0:00
Total
Forward - 60:00
Defense - 60:00
|
% Time on Ice - Thunderbirds
Lines # - Real PCT - Wanted PCT - Time Play
Normal Forward
1 - 33% - 40% - 16:45
2 - 29% - 30% - 14:33
3 - 19% - 15% - 9:30
4 - 20% - 15% - 10:10
Normal Defense
1 - 36% - 40% - 18:36
2 - 30% - 30% - 15:11
3 - 30% - 20% - 15:13
4 - 4% - 10% - 1:58
PP Forward
1 - 56% - 60% - 2:49
2 - 44% - 40% - 2:15
PP Defense
1 - 60% - 60% - 3:03
2 - 40% - 40% - 2:01
PK Forward
1 - 78% - 60% - 3:06
2 - 22% - 40% - 0:52
PK Defense
1 - 67% - 60% - 2:39
2 - 33% - 40% - 1:19
PK3 Forward
1 - 0% - 60%
2 - 0% - 40%
PK3 Defense
1 - 0% - 60%
2 - 0% - 40%
44 Forward
1 - 0% - 60%
2 - 0% - 40%
44 Defense
1 - 0% - 60%
2 - 0% - 40%
Last Minute Offensive - 0:00
Last Minute Defensive - 0:00
Total
Forward - 60:00
Defense - 60:00
|
Play-by-Play
1st period
0:01 of 1st period - Elias Lindholm wins face-off versus Emil Pettersson in neutral zone.
1:04 of 1st period - Snap shot by Petr Straka.
1:04 of 1st period - Shot Misses the Net.
1:14 of 1st period - Griffin Reinhart is hit by Logan Stanley and loses puck.
1:45 of 1st period - Eric Gustafsson is hit by Patrick Brown and loses puck.
3:31 of 1st period - Snap shot by Morgan Geekie.
3:31 of 1st period - Goal by Morgan Geekie - Barracuda : 0 - Thunderbirds : 1.
3:32 of 1st period - Emil Pettersson wins face-off versus Elias Lindholm in neutral zone.
3:51 of 1st period - Emil Pettersson is hit by Elias Lindholm and loses puck.
4:24 of 1st period - Wrist shot by Cole Ully.
4:24 of 1st period - Goal by Cole Ully - Barracuda : 1 - Thunderbirds : 1.
4:25 of 1st period - Emil Pettersson wins face-off versus Elias Lindholm in neutral zone.
4:37 of 1st period - Snap shot by Drake Batherson.
4:37 of 1st period - Stopped by Joacim Eriksson with a rebound.
4:51 of 1st period - Patrick Brown is hit by Kyle Platzer and loses puck.
5:20 of 1st period - Robin Norell is hit by Blake Geoffrion and loses puck.
5:37 of 1st period - Snap shot by Alex Henriksson.
5:37 of 1st period - Stopped by Carter Hutton without a rebound.
5:38 of 1st period - Drake Batherson wins face-off versus Noah Gregor in Thunderbirds zone.
6:26 of 1st period - Slapshot by Griffin Reinhart.
6:26 of 1st period - Shot Misses the Net.
6:28 of 1st period - Snap shot by Tyson Jost.
6:28 of 1st period - Stopped by Joacim Eriksson with a rebound.
6:30 of 1st period - Slapshot by Griffin Reinhart.
6:30 of 1st period - Stopped by Joacim Eriksson with a rebound.
6:32 of 1st period - Wrist shot by Tanner Laczynski.
6:32 of 1st period - Goal by Tanner Laczynski - Barracuda : 1 - Thunderbirds : 2.
6:33 of 1st period - Elias Lindholm wins face-off versus Emil Pettersson in neutral zone.
6:38 of 1st period - Snap shot by Kirill Kaprizov.
6:38 of 1st period - Shot Blocked by Scott Harrington.
7:08 of 1st period - Snap shot by Patrick Brown.
7:08 of 1st period - Stopped by Joacim Eriksson without a rebound.
7:09 of 1st period - Emil Pettersson wins face-off versus Morgan Geekie in Barracuda zone.
7:36 of 1st period - Snap shot by Drake Batherson.
7:36 of 1st period - Stopped by Joacim Eriksson with a rebound.
7:38 of 1st period - Wrist shot by Elias Lindholm.
7:38 of 1st period - Shot Blocked by Jerome Gauthier-Leduc.
7:54 of 1st period - Patrick Brown is hit by Logan Stanley and loses puck.
8:17 of 1st period - Griffin Reinhart is hit by Jerome Gauthier-Leduc and loses puck.
8:34 of 1st period - Scott Harrington is hit by Griffin Reinhart.
8:54 of 1st period - Drake Batherson is hit by Kurtis Macdermid.
9:33 of 1st period - Off-side.
9:34 of 1st period - Morgan Frost wins face-off versus Noah Gregor in neutral zone.
9:49 of 1st period - Slapshot by Alex Henriksson.
9:49 of 1st period - Shot Blocked by Filip Hronek.
10:05 of 1st period - Wrist shot by Emil Pettersson.
10:05 of 1st period - Stopped by Carter Hutton with a rebound.
10:07 of 1st period - Snap shot by Brandon Kozun.
10:07 of 1st period - Stopped by Carter Hutton without a rebound.
10:08 of 1st period - Elias Lindholm wins face-off versus Emil Pettersson in Thunderbirds zone.
10:08 of 1st period - Elias Lindholm is hit by Emil Pettersson.
10:24 of 1st period - Wrist shot by Drake Batherson.
10:24 of 1st period - Shot Misses the Net.
10:43 of 1st period - Wrist shot by Drake Batherson.
10:43 of 1st period - Stopped by Joacim Eriksson with a rebound.
10:55 of 1st period - Snap shot by William Carrier.
10:55 of 1st period - Deflect By Emil Pettersson.
10:55 of 1st period - Shot Misses the Net.
10:55 of 1st period - Puck is out of play.
10:56 of 1st period - Patrick Brown wins face-off versus Theodor Blueger in Thunderbirds zone.
11:03 of 1st period - Wrist shot by Justin Shugg.
11:03 of 1st period - Deflect By Kurtis Macdermid.
11:03 of 1st period - Deflect By Griffin Reinhart.
11:03 of 1st period - Stopped by Carter Hutton with a rebound.
11:05 of 1st period - Snap shot by Justin Shugg.
11:05 of 1st period - Shot Blocked by Griffin Reinhart.
11:07 of 1st period - Snap shot by Kurtis Macdermid.
11:07 of 1st period - Shot Blocked by Patrick Brown.
11:09 of 1st period - Slapshot by Samuel Groulx.
11:09 of 1st period - Stopped by Carter Hutton with a rebound.
11:11 of 1st period - Slapshot by Robin Norell.
11:11 of 1st period - Shot Blocked by Anthony Beauvillier.
11:26 of 1st period - Wrist shot by Petr Straka.
11:26 of 1st period - Goal by Petr Straka - Barracuda : 1 - Thunderbirds : 3.
11:27 of 1st period - Elias Lindholm wins face-off versus Emil Pettersson in neutral zone.
11:30 of 1st period - Slapshot by Drake Batherson.
11:30 of 1st period - Stopped by Joacim Eriksson without a rebound.
11:31 of 1st period - Emil Pettersson wins face-off versus Elias Lindholm in Barracuda zone.
11:56 of 1st period - Wrist shot by Anthony Beauvillier.
11:56 of 1st period - Stopped by Joacim Eriksson without a rebound.
11:57 of 1st period - Theodor Blueger wins face-off versus Patrick Brown in Barracuda zone.
12:08 of 1st period - Wrist shot by Justin Shugg.
12:08 of 1st period - Shot Misses the Net.
12:10 of 1st period - Wrist shot by Justin Shugg.
12:10 of 1st period - Stopped by Carter Hutton with a rebound.
12:12 of 1st period - Backhand shot by Samuel Groulx.
12:12 of 1st period - Shot Blocked by Kale Clague.
12:50 of 1st period - Snap shot by Alex Henriksson.
12:50 of 1st period - Deflect By Noah Gregor.
12:50 of 1st period - Shot Misses the Net.
12:50 of 1st period - Puck is out of play.
12:51 of 1st period - Patrick Brown wins face-off versus Brandon Kozun in Thunderbirds zone.
12:55 of 1st period - Off-side.
12:56 of 1st period - Patrick Brown wins face-off versus Emil Pettersson in neutral zone.
13:44 of 1st period - Slapshot by Dominik Kahun.
13:44 of 1st period - Stopped by Joacim Eriksson without a rebound.
13:45 of 1st period - Elias Lindholm wins face-off versus Justin Shugg in Barracuda zone.
14:41 of 1st period - Wrist shot by Brandon Kozun.
14:41 of 1st period - Goal by Brandon Kozun - Barracuda : 2 - Thunderbirds : 3.
14:42 of 1st period - Theodor Blueger wins face-off versus Elias Lindholm in neutral zone.
15:07 of 1st period - Emil Pettersson is hit by Griffin Reinhart and loses puck.
15:34 of 1st period - Filip Hronek is hit by Logan Stanley and loses puck.
15:42 of 1st period - Icing by Griffin Reinhart.
15:43 of 1st period - Morgan Frost wins face-off versus Noah Gregor in Thunderbirds zone.
15:43 of 1st period - Morgan Frost is hit by Alex Henriksson.
16:05 of 1st period - Minor Penalty to Alex Henriksson for Hooking.
16:06 of 1st period - Emil Pettersson wins face-off versus Elias Lindholm in Barracuda zone.
16:15 of 1st period - Scott Harrington is hit by Kirill Kaprizov and loses puck.
16:44 of 1st period - Kurtis Macdermid is hit by Anthony Beauvillier and loses puck.
16:57 of 1st period - Griffin Reinhart is hit by William Carrier and loses puck.
17:31 of 1st period - Drake Batherson is hit by Cole Ully and loses puck.
18:01 of 1st period - Dominik Kahun is hit by Scott Harrington and loses puck.
18:05 of 1st period - Penalty to Alex Henriksson is over, Alex Henriksson is back on ice.
18:19 of 1st period - Slapshot by Dominik Kahun.
18:19 of 1st period - Stopped by Joacim Eriksson with a rebound.
18:25 of 1st period - Snap shot by Patrick Brown.
18:25 of 1st period - Shot Misses the Net.
18:33 of 1st period - Jacob Larsson is hit by Jerome Gauthier-Leduc and loses puck.
18:38 of 1st period - Wrist shot by Kurtis Macdermid.
18:38 of 1st period - Deflect By Noah Gregor.
18:38 of 1st period - Shot Misses the Net.
18:38 of 1st period - Puck is out of play.
18:39 of 1st period - Morgan Geekie wins face-off versus Kyle Platzer in Thunderbirds zone.
18:39 of 1st period - Morgan Geekie is hit by Chris Wagner.
18:53 of 1st period - Snap shot by Cole Ully.
18:53 of 1st period - Stopped by Carter Hutton with a rebound.
18:55 of 1st period - Backhand shot by Chris Wagner.
18:55 of 1st period - Shot Misses the Net.
19:07 of 1st period - Cole Ully is hit by Filip Hronek and loses puck.
19:20 of 1st period - Snap shot by Tanner Laczynski.
19:20 of 1st period - Shot Misses the Net.
19:53 of 1st period - Slapshot by Alex Henriksson.
19:53 of 1st period - Deflect By Noah Gregor.
19:53 of 1st period - Stopped by Carter Hutton with a rebound.
Goals for this period are 2 for Barracuda vs 3 for Thunderbirds.
Shots for this period are 10 for Barracuda vs 13 for Thunderbirds.
2nd period
0:01 of 2nd period - Elias Lindholm wins face-off versus Emil Pettersson in neutral zone.
0:51 of 2nd period - Griffin Reinhart is hit by Noah Gregor and loses puck.
1:10 of 2nd period - Wrist shot by Chris Wagner.
1:10 of 2nd period - Shot Misses the Net.
1:12 of 2nd period - Slapshot by Samuel Groulx.
1:12 of 2nd period - Stopped by Carter Hutton with a rebound.
1:18 of 2nd period - Wrist shot by Kyle Platzer.
1:18 of 2nd period - Stopped by Carter Hutton without a rebound.
1:19 of 2nd period - Elias Lindholm wins face-off versus Brandon Kozun in Thunderbirds zone.
1:32 of 2nd period - Snap shot by Kirill Kaprizov.
1:32 of 2nd period - Stopped by Joacim Eriksson with a rebound.
1:34 of 2nd period - Slapshot by Jacob Larsson.
1:34 of 2nd period - Shot Misses the Net.
2:16 of 2nd period - Snap shot by Morgan Frost.
2:16 of 2nd period - Shot Misses the Net.
2:18 of 2nd period - Slapshot by Timothy Liljegren.
2:18 of 2nd period - Stopped by Joacim Eriksson with a rebound.
2:28 of 2nd period - Petr Straka is hit by Scott Harrington and loses puck.
3:56 of 2nd period - Slapshot by Kurtis Macdermid.
3:56 of 2nd period - Shot Blocked by Jacob Larsson.
3:58 of 2nd period - Snap shot by Robin Norell.
3:58 of 2nd period - Shot Blocked by Tanner Laczynski.
4:00 of 2nd period - Wrist shot by Theodor Blueger.
4:00 of 2nd period - Shot Misses the Net.
4:39 of 2nd period - Off-side.
4:40 of 2nd period - Elias Lindholm wins face-off versus Kurtis Macdermid in neutral zone.
4:53 of 2nd period - Snap shot by Drake Batherson.
4:53 of 2nd period - Shot Misses the Net.
4:55 of 2nd period - Wrist shot by Kirill Kaprizov.
4:55 of 2nd period - Shot Misses the Net.
5:33 of 2nd period - Snap shot by Blake Geoffrion.
5:33 of 2nd period - Stopped by Joacim Eriksson with a rebound.
7:15 of 2nd period - Wrist shot by Theodor Blueger.
7:15 of 2nd period - Shot Blocked by Jacob Larsson.
7:17 of 2nd period - Slapshot by Jerome Gauthier-Leduc.
7:17 of 2nd period - Deflect By Drake Batherson.
7:17 of 2nd period - Stopped by Carter Hutton with a rebound.
7:19 of 2nd period - Wrist shot by Kurtis Macdermid.
7:19 of 2nd period - Stopped by Carter Hutton with a rebound.
7:37 of 2nd period - Snap shot by Tyson Jost.
7:37 of 2nd period - Deflect By Morgan Frost.
7:37 of 2nd period - Stopped by Joacim Eriksson with a rebound.
8:29 of 2nd period - Samuel Groulx is hit by Timothy Liljegren and loses puck.
9:08 of 2nd period - Scott Harrington is hit by Anthony Beauvillier and loses puck.
9:30 of 2nd period - Wrist shot by Chris Wagner.
9:30 of 2nd period - Deflect By Theodor Blueger.
9:30 of 2nd period - Stopped by Carter Hutton with a rebound.
9:32 of 2nd period - Snap shot by Kurtis Macdermid.
9:32 of 2nd period - Stopped by Carter Hutton with a rebound.
9:34 of 2nd period - Backhand shot by Scott Harrington.
9:34 of 2nd period - Stopped by Carter Hutton with a rebound.
10:55 of 2nd period - Kyle Platzer is hit by Timothy Liljegren and loses puck.
11:41 of 2nd period - Jerome Gauthier-Leduc is hit by Dominik Kahun and loses puck.
12:40 of 2nd period - Snap shot by Theodor Blueger.
12:40 of 2nd period - Goal by Theodor Blueger - Barracuda : 3 - Thunderbirds : 3.
12:41 of 2nd period - Emil Pettersson wins face-off versus Drake Batherson in neutral zone.
12:54 of 2nd period - William Carrier is hit by Elias Lindholm and loses puck.
13:07 of 2nd period - Eric Gustafsson is hit by Dominik Kahun and loses puck.
13:12 of 2nd period - Wrist shot by Dominik Kahun.
13:12 of 2nd period - Stopped by Joacim Eriksson with a rebound.
13:14 of 2nd period - Wrist shot by Patrick Brown.
13:14 of 2nd period - Stopped by Joacim Eriksson without a rebound.
13:15 of 2nd period - Patrick Brown wins face-off versus Theodor Blueger in Barracuda zone.
14:15 of 2nd period - Slapshot by Griffin Reinhart.
14:15 of 2nd period - Stopped by Joacim Eriksson with a rebound.
14:21 of 2nd period - Slapshot by Robin Norell.
14:21 of 2nd period - Stopped by Carter Hutton with a rebound.
14:23 of 2nd period - Slapshot by Samuel Groulx.
14:23 of 2nd period - Stopped by Carter Hutton with a rebound.
14:37 of 2nd period - Snap shot by Drake Batherson.
14:37 of 2nd period - Shot Blocked by Robin Norell.
14:39 of 2nd period - Snap shot by Kirill Kaprizov.
14:39 of 2nd period - Shot Blocked by Robin Norell.
15:00 of 2nd period - Wrist shot by William Carrier.
15:00 of 2nd period - Shot Blocked by Elias Lindholm.
15:20 of 2nd period - Slapshot by Drake Batherson.
15:20 of 2nd period - Shot Misses the Net.
15:39 of 2nd period - Snap shot by Drake Batherson.
15:39 of 2nd period - Deflect By Samuel Groulx.
15:39 of 2nd period - Shot Misses the Net.
15:39 of 2nd period - Puck is out of play.
15:40 of 2nd period - Patrick Brown wins face-off versus Kurtis Macdermid in Barracuda zone.
15:47 of 2nd period - Wrist shot by Anthony Beauvillier.
15:47 of 2nd period - Stopped by Joacim Eriksson with a rebound.
15:49 of 2nd period - Wrist shot by Dominik Kahun.
15:49 of 2nd period - Shot Misses the Net.
15:51 of 2nd period - Wrist shot by Radim Simek.
15:51 of 2nd period - Shot Blocked by Scott Harrington.
16:09 of 2nd period - Off-side.
16:10 of 2nd period - Morgan Frost wins face-off versus Kyle Platzer in neutral zone.
16:23 of 2nd period - Snap shot by Tyson Jost.
16:23 of 2nd period - Stopped by Joacim Eriksson with a rebound.
16:36 of 2nd period - Icing by Jacob Larsson.
16:37 of 2nd period - Noah Gregor wins face-off versus Morgan Frost in Thunderbirds zone.
17:30 of 2nd period - Slapshot by Radim Simek.
17:30 of 2nd period - Shot Blocked by Scott Harrington.
17:49 of 2nd period - Slapshot by Jerome Gauthier-Leduc.
17:49 of 2nd period - Stopped by Carter Hutton with a rebound.
17:51 of 2nd period - Snap shot by Logan Stanley.
17:51 of 2nd period - Shot Misses the Net.
17:53 of 2nd period - Snap shot by Mario Lucia.
17:53 of 2nd period - Shot Misses the Net.
17:55 of 2nd period - Wrist shot by Noah Gregor.
17:55 of 2nd period - Shot Misses the Net.
18:01 of 2nd period - Wrist shot by Mario Lucia.
18:01 of 2nd period - Stopped by Carter Hutton with a rebound.
18:03 of 2nd period - Slapshot by Logan Stanley.
18:03 of 2nd period - Deflect By Petr Straka.
18:03 of 2nd period - Stopped by Carter Hutton with a rebound.
18:05 of 2nd period - Slapshot by Jerome Gauthier-Leduc.
18:05 of 2nd period - Shot Misses the Net.
18:07 of 2nd period - Slapshot by Logan Stanley.
18:07 of 2nd period - Shot Blocked by Blake Geoffrion.
18:09 of 2nd period - Slapshot by Robin Norell.
18:09 of 2nd period - Stopped by Carter Hutton without a rebound.
18:10 of 2nd period - Theodor Blueger wins face-off versus Patrick Brown in Thunderbirds zone.
18:15 of 2nd period - Wrist shot by Theodor Blueger.
18:15 of 2nd period - Stopped by Carter Hutton with a rebound.
18:17 of 2nd period - Snap shot by Robin Norell.
18:17 of 2nd period - Stopped by Carter Hutton without a rebound.
18:18 of 2nd period - Patrick Brown wins face-off versus Justin Shugg in Thunderbirds zone.
18:39 of 2nd period - Minor Penalty to Dominik Kahun for High sticking.
18:40 of 2nd period - Emil Pettersson wins face-off versus Patrick Brown in Thunderbirds zone.
19:58 of 2nd period - Icing by Eric Gustafsson.
19:59 of 2nd period - Anthony Beauvillier wins face-off versus Emil Pettersson in Barracuda zone.
Goals for this period are 1 for Barracuda vs 0 for Thunderbirds.
Shots for this period are 16 for Barracuda vs 9 for Thunderbirds.
3rd period
0:01 of 3rd period - Patrick Brown wins face-off versus Emil Pettersson in neutral zone.
0:39 of 3rd period - Penalty to Dominik Kahun is over, Dominik Kahun is back on ice.
0:56 of 3rd period - Griffin Reinhart is hit by Samuel Groulx and loses puck.
1:37 of 3rd period - Slapshot by Samuel Groulx.
1:37 of 3rd period - Shot Misses the Net.
1:39 of 3rd period - Slapshot by Alex Henriksson.
1:39 of 3rd period - Stopped by Carter Hutton with a rebound.
2:43 of 3rd period - Snap shot by Anthony Beauvillier.
2:43 of 3rd period - Shot Misses the Net.
2:45 of 3rd period - Slapshot by Patrick Brown.
2:45 of 3rd period - Shot Misses the Net.
2:47 of 3rd period - Snap shot by Patrick Brown.
2:47 of 3rd period - Shot Misses the Net.
2:49 of 3rd period - Wrist shot by Dominik Kahun.
2:49 of 3rd period - Stopped by Joacim Eriksson with a rebound.
2:51 of 3rd period - Wrist shot by Kale Clague.
2:51 of 3rd period - Stopped by Joacim Eriksson with a rebound.
2:53 of 3rd period - Wrist shot by Dominik Kahun.
2:53 of 3rd period - Shot Misses the Net.
2:55 of 3rd period - Snap shot by Patrick Brown.
2:55 of 3rd period - Stopped by Joacim Eriksson with a rebound.
2:57 of 3rd period - Snap shot by Patrick Brown.
2:57 of 3rd period - Stopped by Joacim Eriksson with a rebound.
2:59 of 3rd period - Snap shot by Dominik Kahun.
2:59 of 3rd period - Shot Misses the Net.
3:25 of 3rd period - Robin Norell is hit by Dominik Kahun and loses puck.
4:20 of 3rd period - Robin Norell is hit by Anthony Beauvillier and loses puck.
4:47 of 3rd period - Snap shot by Anthony Beauvillier.
4:47 of 3rd period - Stopped by Joacim Eriksson without a rebound.
4:48 of 3rd period - Elias Lindholm wins face-off versus Emil Pettersson in Barracuda zone.
5:01 of 3rd period - Snap shot by Griffin Reinhart.
5:01 of 3rd period - Deflect By Brandon Kozun.
5:01 of 3rd period - Stopped by Joacim Eriksson with a rebound.
5:13 of 3rd period - Eric Gustafsson is hit by Blake Geoffrion and loses puck.
6:39 of 3rd period - Emil Pettersson is hit by Griffin Reinhart and loses puck.
7:33 of 3rd period - Griffin Reinhart is hit by Cole Ully and loses puck.
7:56 of 3rd period - Radim Simek is hit by Brandon Kozun.
8:05 of 3rd period - Icing by Elias Lindholm.
8:06 of 3rd period - Morgan Geekie wins face-off versus Emil Pettersson in Thunderbirds zone.
8:06 of 3rd period - Morgan Geekie is hit by William Carrier.
8:39 of 3rd period - Morgan Frost is hit by Logan Stanley and loses puck.
9:16 of 3rd period - Jerome Gauthier-Leduc is hit by Radim Simek and loses puck.
9:37 of 3rd period - Logan Stanley is hit by Morgan Geekie and loses puck.
9:44 of 3rd period - Minor Penalty to Logan Stanley for Roughing.
9:45 of 3rd period - Emil Pettersson wins face-off versus Elias Lindholm in Barracuda zone.
9:51 of 3rd period - Icing by Elias Lindholm.
9:52 of 3rd period - Elias Lindholm wins face-off versus Emil Pettersson in Thunderbirds zone.
10:07 of 3rd period - Slapshot by Griffin Reinhart.
10:07 of 3rd period - Stopped by Joacim Eriksson with a rebound.
11:24 of 3rd period - Elias Lindholm is hit by Robin Norell and loses puck.
11:44 of 3rd period - Penalty to Logan Stanley is over, Logan Stanley is back on ice.
12:32 of 3rd period - Cole Ully is hit by Morgan Frost and loses puck.
12:43 of 3rd period - Radim Simek is hit by Mario Lucia and loses puck.
13:04 of 3rd period - Blake Geoffrion is hit by Samuel Groulx.
13:17 of 3rd period - Icing by Alex Henriksson.
13:18 of 3rd period - Morgan Frost wins face-off versus Emil Pettersson in Barracuda zone.
13:19 of 3rd period - Snap shot by Tanner Laczynski.
13:19 of 3rd period - Stopped by Joacim Eriksson with a rebound.
14:24 of 3rd period - Blake Geoffrion is hit by Eric Gustafsson and loses puck.
15:07 of 3rd period - Wrist shot by Drake Batherson.
15:07 of 3rd period - Stopped by Joacim Eriksson with a rebound.
15:15 of 3rd period - Snap shot by Theodor Blueger.
15:15 of 3rd period - Stopped by Carter Hutton without a rebound.
15:16 of 3rd period - Patrick Brown wins face-off versus Chris Wagner in Thunderbirds zone.
15:16 of 3rd period - Patrick Brown is hit by Scott Harrington.
15:19 of 3rd period - Minor Penalty to Anthony Beauvillier for Hooking.
15:20 of 3rd period - Patrick Brown wins face-off versus Emil Pettersson in Thunderbirds zone.
17:19 of 3rd period - Penalty to Anthony Beauvillier is over, Anthony Beauvillier is back on ice.
17:25 of 3rd period - Snap shot by Griffin Reinhart.
17:25 of 3rd period - Stopped by Joacim Eriksson without a rebound.
17:26 of 3rd period - Elias Lindholm wins face-off versus Kyle Platzer in Barracuda zone.
17:33 of 3rd period - Slapshot by Drake Batherson.
17:33 of 3rd period - Shot Misses the Net.
17:35 of 3rd period - Snap shot by Kirill Kaprizov.
17:35 of 3rd period - Shot Misses the Net.
17:37 of 3rd period - Slapshot by Kale Clague.
17:37 of 3rd period - Stopped by Joacim Eriksson without a rebound.
17:38 of 3rd period - Kyle Platzer wins face-off versus Elias Lindholm in Barracuda zone.
17:47 of 3rd period - Wrist shot by Cole Ully.
17:47 of 3rd period - Stopped by Carter Hutton without a rebound.
17:48 of 3rd period - Elias Lindholm wins face-off versus Kyle Platzer in Thunderbirds zone.
17:53 of 3rd period - Snap shot by Cole Ully.
17:53 of 3rd period - Stopped by Carter Hutton with a rebound.
18:17 of 3rd period - Snap shot by Drake Batherson.
18:17 of 3rd period - Goal by Drake Batherson - Barracuda : 3 - Thunderbirds : 4.
18:18 of 3rd period - Kyle Platzer wins face-off versus Drake Batherson in neutral zone.
18:24 of 3rd period - Snap shot by Kyle Platzer.
18:24 of 3rd period - Shot Misses the Net.
18:28 of 3rd period - Slapshot by Kyle Platzer.
18:28 of 3rd period - Stopped by Carter Hutton with a rebound.
18:30 of 3rd period - Slapshot by Scott Harrington.
18:30 of 3rd period - Shot Misses the Net.
18:32 of 3rd period - Snap shot by Chris Wagner.
18:32 of 3rd period - Stopped by Carter Hutton without a rebound.
18:33 of 3rd period - Elias Lindholm wins face-off versus Emil Pettersson in Thunderbirds zone.
18:33 of 3rd period - Elias Lindholm is hit by Eric Gustafsson.
18:45 of 3rd period - Wrist shot by Elias Lindholm.
18:45 of 3rd period - Goal by Elias Lindholm - Barracuda : 3 - Thunderbirds : 5.
18:46 of 3rd period - Elias Lindholm wins face-off versus Kyle Platzer in neutral zone.
18:51 of 3rd period - Slapshot by Filip Hronek.
18:51 of 3rd period - Shot Blocked by Cole Ully.
18:53 of 3rd period - Minor Penalty to Kyle Platzer for Goalie Interference.
18:54 of 3rd period - Elias Lindholm wins face-off versus Emil Pettersson in Barracuda zone.
19:27 of 3rd period - Snap shot by Samuel Groulx.
19:27 of 3rd period - Shot Blocked by Anthony Beauvillier.
19:56 of 3rd period - Off-side.
19:57 of 3rd period - Patrick Brown wins face-off versus Noah Gregor in neutral zone.
Goals for this period are 0 for Barracuda vs 2 for Thunderbirds.
Shots for this period are 6 for Barracuda vs 13 for Thunderbirds.